 Dungeon Crawl Stone Soup version 0.29.1-2-gbd0b4ee654 (webtiles) character file.

Game seed: 5477562138828237275

3539 warriortoast the Covert (level 9, -7/70 HPs)
             Began as a Spriggan Hunter on Nov 15, 2022.
             Was an Initiate of Fedhas.
             Mangled by a two-headed ogre
             ... wielding a +0 dire flail
              (16 damage)
             ... on level 8 of the Dungeon.
             The game lasted 00:47:58 (12280 turns).

warriortoast the Covert (Spriggan Hunter)          Turns: 12280, Time: 00:47:59

Health: -7/70      AC: 28    Str:  7    XL:     9   Next: 82%
Magic:  17/19      EV:  4    Int: 15    God:    Fedhas [......]
Gold:   152        SH:  0    Dex: 18    Spells: 9/20 levels left

rFire   . . .      SeeInvis +   a - +0 shortbow
rCold   . . .      Faith    .   (shield currently unavailable)
rNeg    . . .      Spirit   .   (body armour currently unavailable)
rPois   +          Reflect  .   (helmet currently unavailable)
rElec   .          Harm     .   (cloak currently unavailable)
rCorr   .          Rampage  .   (gloves unavailable)
Will    +....      NoTele   +   (boots unavailable)
Stlth   ++++......              (no amulet)
HPRegen 0.21/turn               f - +4 ring of evasion
MPRegen 0.16/turn               q - +4 ring of protection

@: agile, confusing by touch, tree-form
A: stationary, stasis, torment immunity, boosted hp, very small, no large
weapons, unfitting armour, see invisible, (speed 3)
a: Renounce Religion


You were on level 8 of the Dungeon.
You worshipped Fedhas.
Fedhas was noncommittal.
You were a tree.
You visited 2 branches of the dungeon, and saw 9 of its levels.

You collected 394 gold pieces.
You spent 242 gold pieces at shops.

Inventory:

Hand Weapons
 a - a +0 shortbow (weapon)
 e - a +0 whip of freezing
 p - a +0 dagger
Missiles
 l - 9 poisoned darts
Armour
 G - a +0 cloak (melded)
 H - the +3 robe of Compassion (melded) {Str+5}
   (You bought it in a shop on level 5 of the Dungeon)

   Str:       It affects your strength (+5).
Jewellery
 c - an amulet of faith
 f - a +4 ring of evasion (left branch)
 k - a ring of poison resistance
 q - a +4 ring of protection (right branch)
 y - a ring of fire
 B - a ring of wizardry
 D - a +4 ring of evasion
 E - a ring of magical power
Wands
 C - a wand of polymorph (12)
 J - a wand of roots (11)
 K - a wand of paralysis (11)
Scrolls
 b - 2 scrolls of immolation
 d - 2 scrolls of amnesia {unknown}
 g - a scroll of enchant weapon {unknown}
 j - 3 scrolls of noise
 m - 4 scrolls of teleportation
 n - 3 scrolls of fear {unknown}
 r - 3 scrolls of vulnerability {unknown}
 s - a scroll of enchant armour {unknown}
 u - 3 scrolls of magic mapping
 v - 2 scrolls of summoning {unknown}
 x - 3 scrolls of blinking
Potions
 h - a potion of flight
 i - 3 potions of heal wounds
 o - a potion of degeneration
 t - a potion of curing
 w - 3 potions of invisibility
 z - 2 potions of lignification
 A - a potion of magic
 F - a potion of ambrosia
 I - 4 potions of might


   Skills:
 - Level 5.0 Fighting
 + Level 1.7 Short Blades
 + Level 7.1 Ranged Weapons
 - Level 8.0 Dodging
 + Level 9.1 Stealth
 + Level 6.2 Spellcasting
 + Level 6.6 Hexes
 + Level 1.0 Evocations


You had 9 spell levels left.
You knew the following spells:

 Your Spells              Type           Power      Damage    Failure   Level
a - Tukima's Dance        Hex            24%        N/A       2%          3
b - Confusing Touch       Hex            24%        N/A       2%          3
c - Slow                  Hex            96%        N/A       1%          1
d - Cause Fear            Hex            12%        N/A       10%         4

Your spell library contained the following spells:

 Spells                   Type           Power      Damage    Failure   Level
 Inner Flame              Hex/Fire       14%        N/A       11%         3
 Portal Projectile        Hex/Tloc       28%        N/A       11%         3
 Freeze                   Ice            16%        1d4       14%         1
 Frozen Ramparts          Ice            8%         1d2       41%         3
 Vampiric Draining        Necr           4%         2d6       41%         3
 Hailstorm                Conj/Ice       4%         3d4       82%         4
 Blade Hands              Tmut           2%         N/A       99%         5
 Discord                  Hex            12%        N/A       100%        8


Dungeon Overview and Level Annotations

Branches:
Dungeon (8/15)             Temple (1/1) D:7
   Lair: D:8-11

Altars:
Dithmenos
Elyvilon
Fedhas
Hepliaklqana
Kikubaaqudgha
Makhleb
Nemelex Xobeh
Okawaru
Qazlal
Ru
Sif Muna
Uskayaw
Vehumet
Wu Jian
Xom
Yredelemnul
Zin
The Shining One

Shops:
D:4 *   D:5 [   D:7 =

Annotations:
D:8 Psyche


Innate Abilities, Weirdness & Mutations

You are a tree.
Your roots penetrate the ground, keeping you stationary.
You cannot be teleported.
You are immune to unholy pain and torment.
Your maximum health is greatly increased.
Your equipment is partially melded.
You are very small and have problems with some larger weapons.
You are too small for most types of armour.
You have supernaturally acute eyesight. (SInv)
((You cover ground extremely quickly. (Speed+++)))


Message History

Psyche looks encouraged for a moment.
Casting: Slow (safe; 1% risk of failure)
Confirm with . or Enter, or press ? or * to list all spells.
Your branches begin to glow red.
Psyche mumbles some strange words.
A swirling arc of seething chaos appears!
The arc of chaos hits you but does no damage.
The arc of chaos hits the komodo dragon.
The komodo dragon bites you.
You clumsily bash the komodo dragon but do no damage.
The komodo dragon is lightly wounded.
Psyche hits you but does no damage.
The two-headed ogre hits you but does no damage.
The two-headed ogre hits you with a +0 giant spiked club!
Psyche hits you but does no damage. The komodo dragon bites you!
You clumsily bash the komodo dragon but do no damage.
The komodo dragon is lightly wounded.
Psyche hits you with a +0 dagger of chaos.
Psyche burns you.
The two-headed ogre hits you but does no damage.
The two-headed ogre hits you with a +0 giant spiked club.
Psyche laughs secretively.
Psyche casts a spell.
Psyche flickers and vanishes for a moment.
The komodo dragon bites you but does no damage.
You barely miss the komodo dragon.
The komodo dragon is lightly wounded.
The two-headed ogre hits you with a +0 dire flail!
* * * LOW HITPOINT WARNING * * *
The two-headed ogre hits you with a +0 giant spiked club!
* * * LOW HITPOINT WARNING * * *
Psyche hits you but does no damage.
You feel agile all of a sudden. Psyche hits you but does no damage.
The komodo dragon bites you but does no damage.
Unknown command.
The two-headed ogre barely misses you.
The two-headed ogre hits you with a +0 giant spiked club!
You die...
Fedhas appreciates your contribution to the ecosystem.

#.# #######.####
.....l.....#
#.#########l##.#
...).....<#.##.#
#.####.#.#....#
#....#.###..#
#.)......@l[#
#.########♣## #.
#.O.......# #
#.#....####
...###### #.#
... ###


You could see a two-headed ogre, a komodo dragon (slow) and Psyche (invisible).

Vanquished Creatures
  Maggie (D:6)
  A troll (D:7)
  A hornet (D:7)
  A wyvern (D:7)
  2 water moccasins
  Menkaure (D:4)
  An orc warrior (D:5)
  4 black bears
  A sky beast (D:7)
  3 ogres
  A centaur (D:8)
  A phantom (D:6)
  A kobold brigand (D:5)
  3 bullfrogs
  A necrophage (D:8)
  A scorpion (D:5)
  4 killer bees
  A howler monkey (D:6)
  4 jellies
  6 hounds
  Crazy Yiuf (D:7)
  3 gnoll boudas
  2 orc priests
  An iguana (D:5)
  A hound zombie (D:3)
  14 gnolls
  10 adders
  A shadow imp (D:5)
  A white imp (D:6)
  2 ufetubi (D:5)
  3 worms
  3 dart slugs
  17 orcs
  8 ball pythons
  4 endoplasms
  2 giant cockroaches
  3 goblins
  5 hobgoblins
  4 jackals
  5 quokkas
  7 bats
  3 frilled lizards
  A giant cockroach zombie (D:3)
  3 kobolds
  5 rats
148 creatures vanquished.

Vanquished Creatures (others)
  2 fungi (D:2)
  7 plants
  5 withered plants (D:3)
14 creatures vanquished.

Grand Total: 162 creatures vanquished

Notes
Turn   | Place    | Note
-------+----------+-------------------------------------------
     0 | D:1      | warriortoast the Spriggan Hunter began the quest for the
                  | Orb.
     0 | D:1      | Reached XP level 1. HP: 10/10 MP: 2/2
   113 | D:1      | Reached skill level 2 in Stealth
   176 | D:1      | Reached XP level 2. HP: 15/15 MP: 2/4
   336 | D:1      | Reached skill level 1 in Spellcasting
   718 | D:2      | Reached XP level 3. HP: 18/18 MP: 5/5
   834 | D:2      | Learned a level 3 spell: Tukima's Dance
   949 | D:2      | Reached skill level 3 in Stealth
   949 | D:2      | Reached XP level 4. HP: 23/23 MP: 7/7
  1072 | D:2      | Found an ancient bone altar of Kikubaaqudgha.
  1149 | D:2      | Found a faded altar of an unknown god.
  1249 | D:3      | Reached skill level 1 in Hexes
  1677 | D:3      | Reached XP level 5. HP: 25/26 MP: 9/9
  2488 | D:4      | Noticed Menkaure
  2493 | D:4      | Killed Menkaure
  2494 | D:4      | Reached skill level 4 in Stealth
  2494 | D:4      | Reached XP level 6. HP: 31/32 MP: 9/11
  2513 | D:4      | Found Penovea's CLEARANCE SALE!.
  2519 | D:4      | Bought a scroll of blinking for 52 gold pieces
  2902 | D:4      | Reached skill level 5 in Ranged Weapons
  3242 | D:4      | Reached skill level 5 in Dodging
  3242 | D:4      | Reached skill level 5 in Stealth
  3242 | D:4      | Reached XP level 7. HP: 36/36 MP: 11/13
  3260 | D:5      | Entered Level 5 of the Dungeon
  3332 | D:4      | Bought a scroll of magic mapping for 52 gold pieces
  3332 | D:4      | Bought a scroll of noise for 7 gold pieces
  3705 | D:5      | Found Peeliug's Antique Armour Shop.
  3718 | D:5      | Noticed Blork the orc
  4252 | D:5      | Noticed Edmund
  4463 | D:5      | Noticed Edmund
  4463 | D:5      | Edmund changed into Edmund the hound
  4468 | D:5      | Killed Edmund the hound
  4877 | D:5      | Reached XP level 8. HP: 40/40 MP: 15/15
  5066 | D:5      | Reached skill level 6 in Stealth
  5172 | D:5      | Bought an ichor-stained robe for 131 gold pieces
  5172 | D:5      | Identified the +3 robe of Compassion {Str+5} (You bought it
                  | in a shop on level 5 of the Dungeon)
  5324 | D:5      | Noticed Blork
  5324 | D:5      | Blork the orc changed into Blork the jackal
  5326 | D:5      | Killed Blork the jackal
  5753 | D:6      | Noticed Maggie
  6169 | D:6      | Reached skill level 5 in Spellcasting
  7412 | D:6      | Reached skill level 7 in Stealth
  7467 | D:6      | Reached skill level 5 in Hexes
  8937 | D:5      | Learned a level 3 spell: Confusing Touch
  8939 | D:5      | Learned a level 1 spell: Slow
  8944 | D:5      | Learned a level 4 spell: Cause Fear
  9196 | D:6      | Killed Maggie
  9197 | D:6      | Reached XP level 9. HP: 33/46 MP: 13/17
  9704 | D:7      | Paralysed by a hornet for 2 turns
 10195 | D:7      | Reached skill level 8 in Stealth
 10431 | D:7      | Found a staircase to the Ecumenical Temple.
 10441 | Temple   | Entered the Ecumenical Temple
 10487 | Temple   | Became a worshipper of Fedhas Madash
 10552 | D:7      | Found Nequmoish's Jewellery Shop.
 10604 | D:7      | Noticed a troll
 10629 | D:7      | Killed a troll
 10792 | D:7      | Found a runed translucent door.
 10793 | D:7      | Noticed Crazy Yiuf
 10875 | D:7      | Killed Crazy Yiuf
 11126 | D:7      | Reached skill level 1 in Short Blades
 11453 | D:8      | Noticed Psyche
 11461 | D:8      | Noticed a two-headed ogre
 11562 | D:8      | Found a shimmering blue altar of Sif Muna.
 11581 | D:8      | Reached skill level 9 in Stealth
 11728 | D:8      | Identified the +4 ring mail "Xiveps" {Regen+ rCorr Dex-2
                  | Stlth-}
 11769 | D:8      | Reached * piety under Fedhas
 11777 | D:8      | Reached skill level 5 in Fighting
 11777 | D:8      | Reached skill level 1 in Evocations
 12258 | D:8      | Noticed a komodo dragon
 12280 | D:8      | Mangled by a two-headed ogre

Illustrated notes

Levels and vault maps discovered:
D:1:      dpeg_arrival_tiny_c, layout_rooms, st_stairs_7
D:2:      layout_basic, basic_altar, shapermc_ecumenical_altar_hornbeckon
D:3:      wander_river, layout_loops_ring, serial_undead, serial_undead_f,
          serial_undead_e, serial_undead_c, serial_undead_b
D:4:      layout_loops_ring, nicolae_shop_clearance, uniq_menkaure
D:5:      minmay_spotlight, layout_cave_pods, serial_shops,
          kennysheep_little_box, chequers_serial_rivers_small_b,
          uniq_blork_the_orc, uniq_edmund
D:6:      layout_basic, hangedman_glass_teeth, minivault_24, uniq_maggie
D:7:      layout_basic, minmay_temple_entry_overgrown, serial_shops,
          nicolae_stop_n_shop_2, uniq_crazy_yiuf_cottage
D:8:      layout_basic, chequers_temple_overflow_statue_of_worship,
          minivault_24, uniq_psyche
Temple:   compressed_dpeg_circular_temple

Skill      XL: |  1  2  3  4  5  6  7  8  9 |
---------------+----------------------------+-----
Stealth        | 2 3 4 5 7 9 |  9.1
Dodging        | 3 4 5 7 8 |  8.0
Spellcasting   | 1 2 3 4 5 6 |  6.2
Fighting       | 2 3 4 5 |  5.0
Hexes          | 1 2 3 5 6 |  6.6
Ranged Weapons | 5 6 7 |  7.1
Short Blades   | 1 |  1.7
Evocations     | 1 |  1.0

Action                   |  1- 3 |  4- 6 |  7- 9 || total
-------------------------+-------+-------+-------++-------
Melee: Shortbow          |       |       |    44 ||    44
       Dagger            |       |       |    18 ||    18
 Fire: Shortbow          |    82 |   180 |   543 ||   805
 Cast: Confusing Touch   |       |       |    19 ||    19
       Slow              |       |       |    14 ||    14
Evoke: Wand              |       |       |     7 ||     7
  Use: Potion            |       |       |     1 ||     1
       Scroll            |       |       |    10 ||    10
 Stab: Confused          |       |       |     2 ||     2
       Paralysed         |       |       |     1 ||     1
       Sleeping          |       |       |     1 ||     1
Armor: Robe              |     3 |     4 |    28 ||    35
       Skin              |       |       |     9 ||     9
Dodge: Dodged            |    29 |    20 |   292 ||   341
